 Dungeon Crawl Stone Soup version 0.23.2-33-g5129a83184 (webtiles) character file.

Game seed: 4722525040167231887

183 troglodite the Ducker (level 5, -2/47 HPs)
             Began as a Gnoll Wanderer on July 25, 2019.
             Slain by an orc priest
             ... wielding a +0 war axe
              (4 damage)
             ... on level 3 of the Dungeon.
             The game lasted 00:05:30 (2220 turns).

troglodite the Ducker (Gnoll Wanderer)              Turns: 2220, Time: 00:05:31

Health: -2/47      AC:  6    Str: 12    XL:     5   Next: 62%
Magic:  7/7        EV: 16    Int: 17    God:
Gold:   79         SH:  0    Dex: 15    Spells: 7/7 levels left

rFire    . . .     SeeInvis .   a - +0 spear
rCold    . . .     Gourm    .   (no shield)
rNeg     . . .     Faith    .   b - +2 leather armour
rPois    .         Spirit   .   i - +0 helmet
rElec    .         Reflect  .   (no cloak)
rCorr    .         Harm     .   (no gloves)
MR       .....                  (no boots)
Stlth    +++.......             (no amulet)
HPRegen  0.15/turn              (no ring)
MPRegen  0.10/turn              (no ring)

@: no status effects
A: distributed training, fangs 1, strong nose
a: no special abilities


You were on level 3 of the Dungeon.
You were hungry.

You visited 1 branch of the dungeon, and saw 3 of its levels.

You collected 79 gold pieces.

Inventory:

Hand Weapons
 a - a +0 spear (weapon)
 d - a +0 dagger
Armour
 b - a +2 leather armour (worn)
 i - a +0 helmet (worn)
Wands
 l - a wand of iceblast (12)
Scrolls
 e - 4 scrolls of remove curse {unknown}
 j - 2 scrolls of amnesia {unknown}
Potions
 c - a potion of lignification
 g - a potion of haste {unknown}
 h - a potion of curing {unknown}
Comestibles
 f - 3 rations


   Skills:
 + Level 6.7 Fighting
 + Level 1.5 Short Blades
 + Level 1.5 Long Blades
 + Level 1.5 Axes
 + Level 1.5 Maces & Flails
 + Level 3.0 Polearms
 + Level 1.5 Staves
 + Level 1.5 Slings
 + Level 1.5 Bows
 + Level 1.5 Crossbows
 + Level 3.0 Throwing
 + Level 1.5 Armour
 + Level 6.7 Dodging
 + Level 4.4 Stealth
 + Level 1.5 Shields
 + Level 1.5 Unarmed Combat
 + Level 1.5 Spellcasting
 + Level 1.2 Conjurations
 + Level 1.2 Hexes
 + Level 1.2 Charms
 + Level 1.2 Summonings
 + Level 1.2 Necromancy
 + Level 1.2 Translocations
 + Level 1.2 Transmutations
 + Level 1.2 Fire Magic
 + Level 1.2 Ice Magic
 + Level 1.2 Air Magic
 + Level 1.2 Earth Magic
 + Level 1.2 Poison Magic
 + Level 1.7 Invocations
 + Level 1.5 Evocations


You had 7 spell levels left.
You didn't know any spells.
Your spell library was empty.

Dungeon Overview and Level Annotations

Branches:
Dungeon (3/15)

Altars:


Innate Abilities, Weirdness & Mutations

Your experience applies equally to all skills.
You have very sharp teeth.
Your uncanny sense of smell can sniff out nearby items.


Message History

The orc priest is moderately wounded.
The orc priest invokes the aid of Beogh against you.
Pain shoots through your body!
* * * LOW HITPOINT WARNING * * *
You hit the orc priest.
You bite the orc priest, but do no damage.
The orc priest is heavily wounded.
The orc priest closely misses you.
You hit the orc priest but do no damage.
The orc priest is moderately wounded.
You hit the orc priest.
The orc priest is heavily wounded.
The orc priest closely misses you.
You hit the orc priest but do no damage.
The orc priest is heavily wounded.
The orc priest hits you but does no damage.
You hit the orc priest.
The orc priest is severely wounded.
The orc priest hits you with a +0 war axe.
You die...

#.#...)...ooo...#
#o#####....>###.#
#...).....#####.#
########......#.#
#.####.#.# #.#
#.#.# #.####.#o#
#......#o#
#.######@# ###
###


You could see an orc priest and an orc.

Vanquished Creatures
  An orc wizard (D:3)
  Ijyb (D:3)
  3 gnolls (D:2)
  2 adders (D:2)
  An ooze (D:2)
  4 worms (D:2)
  2 dart slugs (D:1)
  4 leopard geckos
  5 orcs
  3 giant cockroaches
  4 goblins (D:2)
  6 hobgoblins
  4 kobolds
  A quokka (D:3)
  3 ball pythons (D:2)
  6 bats
  2 frilled lizards
  5 rats
57 creatures vanquished.

Vanquished Creatures (others)
  5 toadstools (D:1)
5 creatures vanquished.

Grand Total: 62 creatures vanquished

Notes
Turn   | Place    | Note
-------+----------+-------------------------------------------
     0 | D:1      | troglodite the Gnoll Wanderer began the quest for the Orb.
     0 | D:1      | troglodite set off with the following items: a +0 spear, a
                  | +2 leather armour, a potion of lignification, a +0 dagger,
                  | a ration
     0 | D:1      | Reached XP level 1. HP: 23/23 MP: 1/1
   131 | D:1      | Reached XP level 2. HP: 29/29 MP: 2/2
   339 | D:1      | Reached XP level 3. HP: 35/35 MP: 3/3
   677 | D:2      | Reached skill level 1 in Invocations
   693 | D:2      | Reached skill level 1 in Short Blades
   693 | D:2      | Reached skill level 1 in Long Blades
   693 | D:2      | Reached skill level 1 in Axes
   693 | D:2      | Reached skill level 1 in Maces & Flails
   693 | D:2      | Reached skill level 1 in Staves
   693 | D:2      | Reached skill level 1 in Slings
   693 | D:2      | Reached skill level 1 in Bows
   693 | D:2      | Reached skill level 1 in Crossbows
   693 | D:2      | Reached skill level 1 in Armour
   693 | D:2      | Reached skill level 1 in Shields
   693 | D:2      | Reached skill level 1 in Unarmed Combat
   693 | D:2      | Reached skill level 1 in Spellcasting
   693 | D:2      | Reached skill level 1 in Evocations
   693 | D:2      | Reached XP level 4. HP: 11/41 MP: 5/5
  1126 | D:2      | Reached skill level 1 in Conjurations
  1126 | D:2      | Reached skill level 1 in Hexes
  1126 | D:2      | Reached skill level 1 in Charms
  1126 | D:2      | Reached skill level 1 in Summonings
  1126 | D:2      | Reached skill level 1 in Necromancy
  1126 | D:2      | Reached skill level 1 in Translocations
  1126 | D:2      | Reached skill level 1 in Transmutations
  1126 | D:2      | Reached skill level 1 in Fire Magic
  1126 | D:2      | Reached skill level 1 in Ice Magic
  1126 | D:2      | Reached skill level 1 in Air Magic
  1126 | D:2      | Reached skill level 1 in Earth Magic
  1126 | D:2      | Reached skill level 1 in Poison Magic
  1770 | D:3      | Reached XP level 5. HP: 47/47 MP: 6/6
  1785 | D:3      | Noticed Ijyb
  1820 | D:3      | Killed Ijyb
  2215 | D:3      | HP: 2/47 [orc priest/nerve-wracking pain (3)]
  2220 | D:3      | Slain by an orc priest

Skill      XL: |  1  2  3  4  5 |
---------------+----------------+-----
Invocations    | 1 |  1.7
Short Blades   | 1 |  1.5
Long Blades    | 1 |  1.5
Axes           | 1 |  1.5
Maces & Flails | 1 |  1.5
Staves         | 1 |  1.5
Slings         | 1 |  1.5
Bows           | 1 |  1.5
Crossbows      | 1 |  1.5
Armour         | 1 |  1.5
Shields        | 1 |  1.5
Unarmed Combat | 1 |  1.5
Spellcasting   | 1 |  1.5
Evocations     | 1 |  1.5
Conjurations   | 1 |  1.2
Hexes          | 1 |  1.2
Charms         | 1 |  1.2
Summonings     | 1 |  1.2
Necromancy     | 1 |  1.2
Translocations | 1 |  1.2
Transmutations | 1 |  1.2
Fire Magic     | 1 |  1.2
Ice Magic      | 1 |  1.2
Air Magic      | 1 |  1.2
Earth Magic    | 1 |  1.2
Poison Magic   | 1 |  1.2
Polearms       | 3 |  3.0
Throwing       | 3 |  3.0
Fighting       | |  6.7
Dodging        | |  6.7
Stealth        | |  4.4

Action                   |  1- 3 |  4- 6 || total
-------------------------+-------+-------++-------
Melee: Spear             |   105 |   189 ||   294
       Bite              |     6 |    19 ||    25
       Punch             |       |     1 ||     1
 Stab: Sleeping          |     7 |     3 ||    10
  Eat: Chunk             |       |     4 ||     4
Armor: Leather armour    |    21 |    38 ||    59
Dodge: Dodged            |    66 |   124 ||   190
